 Dungeon Crawl Stone Soup version 0.21-a0-404-g291f19a (webtiles) character file.

1320 BigZZ40 the Spear-Bearer (level 8, -1/63 HPs)
             Began as a Centaur Berserker on Oct 30, 2017.
             Was a Priest of Trog.
             Slain by an orc warrior
             ... wielding a +0 hand axe
              (8 damage)
             ... on level 6 of the Dungeon.
             The game lasted 00:34:12 (6437 turns).

BigZZ40 the Spear-Bearer (Centaur Berserker)        Turns: 6437, Time: 00:34:14

Health: -1/63      AC:  8    Str: 20    XL:     8   Next: 33%
Magic:  8/8        EV:  8    Int:  6    God:    Trog [***...]
Gold:   172        SH:  0    Dex: 11    Spells: 7/7 levels left

rFire    . . .     SeeInvis .   A - +2 scythe
rCold    x . .     Gourm    .   (shield currently unavailable)
rNeg     . . .     Faith    .   p - +0 scale mail "Pasapej" {rElec rC- rCorr}
rPois    .         Spirit   .   c - +1 helmet
rElec    +         Reflect  .   (no cloak)
rCorr    +         Harm     .   (no gloves)
MR       .....                  (no barding)
Stlth    ..........             (no amulet)
HPRegen  0.20/turn              (no ring)
MPRegen  0.11/turn              (no ring)

@: about to teleport, very quick
A: hooves 3, deformed body, speed 2, tough skin 3
a: Berserk, Trog's Hand, Burn Spellbooks, Renounce Religion


You were on level 6 of the Dungeon.
You worshipped Trog.
Trog was most pleased with you.
You were full.

You visited 2 branches of the dungeon, and saw 7 of its levels.

You collected 172 gold pieces.

Inventory:

Hand Weapons
 a - a +0 spear
 g - a +2 shortbow of flaming
 n - a +1 hand axe of venom
 q - a +0 mace
 t - a +0 short sword
 A - a +2 scythe (weapon)
 E - a +0 shortbow
 I - a +0 shortbow
Missiles
 d - 74 arrows
 i - 183 stones (quivered)
Armour
 b - a +0 animal skin
 c - a +1 helmet (worn)
 p - the +0 scale mail "Pasapej" (worn) {rElec rC- rCorr}
   (You found it on level 5 of the Dungeon)

   It makes you vulnerable to cold.
   It insulates you from electricity.
   It protects you from acid and corrosion.
 w - a +0 helmet
 C - a +0 scale mail
Jewellery
 D - an uncursed ring of wizardry {unknown}
Wands
 B - a wand of flame (28/48)
Scrolls
 e - a scroll of blinking {unknown}
 j - a scroll of teleportation
 k - 2 scrolls of noise
 u - 2 scrolls of recharging
 v - a scroll of immolation
 y - 2 scrolls of remove curse
 F - a scroll of fog {unknown}
 G - a scroll of enchant weapon
Potions
 l - a potion of brilliance
 m - a potion of lignification {unknown}
 o - 3 potions of curing
 r - a potion of resistance
 s - a potion of haste {unknown}
 x - a potion of mutation {unknown}
 z - a potion of heal wounds
Comestibles
 f - 2 royal jellies
 h - a meat ration


   Skills:
 - Level 3.0 Fighting
 + Level 9.7 Polearms
 - Level 1.3 Armour
 - Level 1.3 Dodging


You had 7 spell levels left.
You didn't know any spells.

Dungeon Overview and Level Annotations

Branches:
Dungeon (6/15)             Temple (1/1) D:4

Altars:
Ashenzari
Cheibriados
Dithmenos
Elyvilon
Fedhas
Gozag
Hepliaklqana
Kikubaaqudgha
Nemelex Xobeh
Okawaru
Qazlal
Ru
Sif Muna
Trog
Uskayaw
Vehumet
Wu Jian
Xom
Yredelemnul
Zin
The Shining One

Annotations:
D:6 Prince Ribbit


Innate Abilities, Weirdness & Mutations

You have hooves in place of feet.
Armour fits poorly on your strangely shaped body.
You cover ground very quickly.
You have extremely tough skin. (AC +3)


Message History

The ogre shouts!
Prince Ribbit disappears!
The orc warrior closely misses you.
The orc priest invokes the aid of Beogh against you.
Beogh smites you!
* * * LOW HITPOINT WARNING * * *
The ogre moves out of view.
As you read the scroll of teleportation, it crumbles to dust.
You feel strangely unstable.
The black bear bites you but does no damage.
The black bear claws you but does no damage. x2
The orc warrior hits you but does no damage.
Okay, then.
As you read the scroll of identify, it crumbles to dust.
z - a potion of heal wounds The black bear bites you.
* * * LOW HITPOINT WARNING * * *
The black bear closely misses you. The black bear claws you.
* * * LOW HITPOINT WARNING * * *
The orc warrior hits you with a hand axe!
You die...

##..... .
#..... ..
#..... ..
#....
#o#....
.##.....#
......§o#
..... #o#
.....o#@#
......h(#
......###
......
....
.....
#...
##...
#... #..
.##...
...
......
......


You could see an orc warrior, a black bear and an orc priest.

Vanquished Creatures
  Sigmund (D:2)
  An ogre (D:4)
  2 phantoms
  3 centaurs (D:5)
  A howler monkey (D:6)
  2 crimson imps (D:5)
  A bullfrog skeleton (D:6)
  2 hounds
  5 orc wizards
  2 iguanas
  A worker ant (D:6)
  A hound skeleton (D:4)
  A gnoll (D:1)
  8 adders
  An ooze (D:1)
  An adder skeleton (D:4)
  An adder zombie (D:5)
  4 worms
  7 dart slugs
  4 leopard geckos
  10 orcs
  A ball python (D:5)
  3 giant cockroaches
  6 goblins
  16 hobgoblins
  A jackal (D:1)
  4 quokkas
  8 bats
  4 frilled lizards
  7 kobolds
  A leopard gecko skeleton (D:5)
  6 rats
116 creatures vanquished.

Vanquished Creatures (collateral kills)
  A crimson imp (D:5)
1 creature vanquished.

Grand Total: 117 creatures vanquished

Notes
Turn   | Place    | Note
-------+----------+-------------------------------------------
     0 | D:1      | BigZZ40 the Centaur Berserker began the quest for the Orb.
     0 | D:1      | Reached XP level 1. HP: 19/19 MP: 1/1
    79 | D:1      | Reached skill level 3 in Polearms
   257 | D:1      | Reached XP level 2. HP: 26/26 MP: 2/2
   542 | D:1      | Reached XP level 3. HP: 31/31 MP: 3/3
   895 | D:1      | Reached skill level 4 in Polearms
   942 | D:1      | Reached ** piety under Trog
  1327 | D:2      | Reached XP level 4. HP: 34/38 MP: 4/4
  1952 | D:2      | Noticed Sigmund
  1962 | D:2      | Killed Sigmund
  1962 | D:2      | Reached skill level 6 in Polearms
  1962 | D:2      | Reached XP level 5. HP: 23/45 MP: 5/5
  2449 | D:3      | Reached XP level 6. HP: 45/51 MP: 6/6
  2819 | D:3      | Reached *** piety under Trog
  3862 | D:4      | Found a staircase to the Ecumenical Temple.
  3871 | Temple   | Entered the Ecumenical Temple
  4670 | D:4      | Reached skill level 7 in Polearms
  4670 | D:4      | Reached XP level 7. HP: 29/57 MP: 7/7
  4890 | D:5      | Entered Level 5 of the Dungeon
  4911 | D:4      | Reached skill level 8 in Polearms
  5150 | D:5      | Got a scorched scale mail
  5161 | D:5      | Identified the +0 scale mail "Pasapej" {rElec rC- rCorr} (You found it on level 5 of the Dungeon)
  5423 | D:5      | Reached **** piety under Trog
  5595 | D:5      | Reached skill level 9 in Polearms
  5595 | D:5      | Reached XP level 8. HP: 52/63 MP: 8/8
  5975 | D:5      | Found a blossoming altar of Fedhas.
  6426 | D:6      | Noticed Prince Ribbit
  6437 | D:6      | Slain by an orc warrior

Vault maps used:
D:1:      minmay_arrival_pointy, minmay_small_reverse_x
D:2:      uniq_sigmund
D:3:      first_bread
D:4:      minmay_temple_entry_poolview
D:5:      fedhas_altar_1
D:6:      uniq_duvessa, uniq_prince_ribbit1
Temple:   minmay_crystal_snake_temple

Skill      XL: |  1  2  3  4  5  6  7 |
---------------+----------------------+-----
Polearms       | 3 4 6 7 9 |  9.7
Fighting       | |  3.0
Armour         | |  1.3
Dodging        | |  1.3

Action                   |  1- 3 |  4- 6 |  7- 9 || total
-------------------------+-------+-------+-------++-------
Melee: Spear             |    80 |    43 |       ||   123
       Kick              |    18 |    29 |    26 ||    73
       Scythe            |       |   120 |    91 ||   211
 Fire: Shortbow          |       |       |    23 ||    23
Throw: Stone             |    15 |   102 |    33 ||   150
Invok: Berserk           |       |     2 |     1 ||     3
       Burn Spellbooks   |       |     1 |     1 ||     2
       Trog's Hand       |       |     1 |       ||     1
       Brothers in Arms  |       |       |     1 ||     1
  Use: Scroll            |       |    15 |     4 ||    19
       Potion            |       |     1 |     1 ||     2
  Eat: Chunk             |       |     7 |     1 ||     8
       Bread ration      |       |     1 |     1 ||     2
       Meat ration       |       |       |     1 ||     1
Armor: Animal skin       |    22 |    51 |    11 ||    84
       Scale mail        |       |       |    55 ||    55
Dodge: Dodged            |    34 |    96 |    57 ||   187

Table legend:
 A = Spawn XP
 B = Non-spawn XP
 C = Spawn XP percentage of total XP
 D = Spawn monster count
 E = Non-spawn monster count
 F = Spawn count percentage of total count
 G = Total turns spent on level
                    A         B        C        D         E        F      G
               +---------+---------+-------+---------+---------+-------+---------
         Total |       0 |    1887 |   0.0 |       0 |     117 |   0.0 |  6437
               +---------+---------+-------+---------+---------+-------+---------
           D:1 |       0 |      69 |   0.0 |       0 |      26 |   0.0 |  1126
           D:2 |       0 |     299 |   0.0 |       0 |      21 |   0.0 |  1248
           D:3 |       0 |     157 |   0.0 |       0 |      31 |   0.0 |  1368
           D:4 |       0 |     385 |   0.0 |       0 |      14 |   0.0 |  1427
           D:5 |       0 |     843 |   0.0 |       0 |      22 |   0.0 |  1011
           D:6 |       0 |     134 |   0.0 |       0 |       3 |   0.0 |    55
               +---------+---------+-------+---------+---------+-------+---------
